%YAML 1.1
%TAG !u! tag:unity3d.com,2011:
--- !u!1 &1650230861777822079
GameObject:
  m_ObjectHideFlags: 0
  m_CorrespondingSourceObject: {fileID: 0}
  m_PrefabInstance: {fileID: 0}
  m_PrefabAsset: {fileID: 0}
  serializedVersion: 6
  m_Component:
  - component: {fileID: 2028472585686228640}
  m_Layer: 0
  m_Name: SecondoMuro
  m_TagString: Untagged
  m_Icon: {fileID: 0}
  m_NavMeshLayer: 0
  m_StaticEditorFlags: 4294967295
  m_IsActive: 1
--- !u!4 &2028472585686228640
Transform:
  m_ObjectHideFlags: 0
  m_CorrespondingSourceObject: {fileID: 0}
  m_PrefabInstance: {fileID: 0}
  m_PrefabAsset: {fileID: 0}
  m_GameObject: {fileID: 1650230861777822079}
  m_LocalRotation: {x: -0, y: -0, z: -0, w: 1}
  m_LocalPosition: {x: 0, y: 0, z: 6}
  m_LocalScale: {x: 1, y: 1, z: 1}
  m_Children:
  - {fileID: 5380599930677666761}
  - {fileID: 2812479011796938145}
  m_Father: {fileID: 5007906021310087206}
  m_RootOrder: 6
  m_LocalEulerAnglesHint: {x: 0, y: 0, z: 0}
--- !u!1 &2237731887884720365
GameObject:
  m_ObjectHideFlags: 0
  m_CorrespondingSourceObject: {fileID: 0}
  m_PrefabInstance: {fileID: 0}
  m_PrefabAsset: {fileID: 0}
  serializedVersion: 6
  m_Component:
  - component: {fileID: 805232544449622674}
  m_Layer: 0
  m_Name: PrimoMuro
  m_TagString: Untagged
  m_Icon: {fileID: 0}
  m_NavMeshLayer: 0
  m_StaticEditorFlags: 4294967295
  m_IsActive: 1
--- !u!4 &805232544449622674
Transform:
  m_ObjectHideFlags: 0
  m_CorrespondingSourceObject: {fileID: 0}
  m_PrefabInstance: {fileID: 0}
  m_PrefabAsset: {fileID: 0}
  m_GameObject: {fileID: 2237731887884720365}
  m_LocalRotation: {x: -0, y: -0, z: -0, w: 1}
  m_LocalPosition: {x: 0, y: 0, z: 0}
  m_LocalScale: {x: 1, y: 1, z: 1}
  m_Children:
  - {fileID: 3238577031235585995}
  - {fileID: 1491751048364385415}
  m_Father: {fileID: 5007906021310087206}
  m_RootOrder: 5
  m_LocalEulerAnglesHint: {x: 0, y: 0, z: 0}
--- !u!1 &3241958252037578088
GameObject:
  m_ObjectHideFlags: 0
  m_CorrespondingSourceObject: {fileID: 0}
  m_PrefabInstance: {fileID: 0}
  m_PrefabAsset: {fileID: 0}
  serializedVersion: 6
  m_Component:
  - component: {fileID: 2812479011796938145}
  - component: {fileID: 7350854474246095172}
  - component: {fileID: 1029902037171537660}
  - component: {fileID: 8722444908942484137}
  m_Layer: 8
  m_Name: Muro (5)
  m_TagString: Muro
  m_Icon: {fileID: 0}
  m_NavMeshLayer: 0
  m_StaticEditorFlags: 4294967295
  m_IsActive: 1
--- !u!4 &2812479011796938145
Transform:
  m_ObjectHideFlags: 0
  m_CorrespondingSourceObject: {fileID: 0}
  m_PrefabInstance: {fileID: 0}
  m_PrefabAsset: {fileID: 0}
  m_GameObject: {fileID: 3241958252037578088}
  m_LocalRotation: {x: 0, y: 0, z: 0, w: 1}
  m_LocalPosition: {x: 3.95, y: 0, z: -4.1}
  m_LocalScale: {x: 4.7, y: 10, z: 0.5}
  m_Children: []
  m_Father: {fileID: 2028472585686228640}
  m_RootOrder: 1
  m_LocalEulerAnglesHint: {x: 0, y: 0, z: 0}
--- !u!33 &7350854474246095172
MeshFilter:
  m_ObjectHideFlags: 0
  m_CorrespondingSourceObject: {fileID: 0}
  m_PrefabInstance: {fileID: 0}
  m_PrefabAsset: {fileID: 0}
  m_GameObject: {fileID: 3241958252037578088}
  m_Mesh: {fileID: 10202, guid: 0000000000000000e000000000000000, type: 0}
--- !u!23 &1029902037171537660
MeshRenderer:
  m_ObjectHideFlags: 0
  m_CorrespondingSourceObject: {fileID: 0}
  m_PrefabInstance: {fileID: 0}
  m_PrefabAsset: {fileID: 0}
  m_GameObject: {fileID: 3241958252037578088}
  m_Enabled: 1
  m_CastShadows: 1
  m_ReceiveShadows: 1
  m_DynamicOccludee: 1
  m_MotionVectors: 1
  m_LightProbeUsage: 1
  m_ReflectionProbeUsage: 1
  m_RayTracingMode: 2
  m_RayTraceProcedural: 0
  m_RenderingLayerMask: 1
  m_RendererPriority: 0
  m_Materials:
  - {fileID: 2100000, guid: d25f5679ac8b89a4b9d0d6b616af1906, type: 2}
  m_StaticBatchInfo:
    firstSubMesh: 0
    subMeshCount: 0
  m_StaticBatchRoot: {fileID: 0}
  m_ProbeAnchor: {fileID: 0}
  m_LightProbeVolumeOverride: {fileID: 0}
  m_ScaleInLightmap: 1
  m_ReceiveGI: 1
  m_PreserveUVs: 0
  m_IgnoreNormalsForChartDetection: 0
  m_ImportantGI: 0
  m_StitchLightmapSeams: 1
  m_SelectedEditorRenderState: 3
  m_MinimumChartSize: 4
  m_AutoUVMaxDistance: 0.5
  m_AutoUVMaxAngle: 89
  m_LightmapParameters: {fileID: 0}
  m_SortingLayerID: 0
  m_SortingLayer: 0
  m_SortingOrder: 0
  m_AdditionalVertexStreams: {fileID: 0}
--- !u!65 &8722444908942484137
BoxCollider:
  m_ObjectHideFlags: 0
  m_CorrespondingSourceObject: {fileID: 0}
  m_PrefabInstance: {fileID: 0}
  m_PrefabAsset: {fileID: 0}
  m_GameObject: {fileID: 3241958252037578088}
  m_Material: {fileID: 0}
  m_IsTrigger: 0
  m_Enabled: 1
  serializedVersion: 2
  m_Size: {x: 1, y: 1, z: 1}
  m_Center: {x: 0, y: 0, z: 0}
--- !u!1 &4715111162847521261
GameObject:
  m_ObjectHideFlags: 0
  m_CorrespondingSourceObject: {fileID: 0}
  m_PrefabInstance: {fileID: 0}
  m_PrefabAsset: {fileID: 0}
  serializedVersion: 6
  m_Component:
  - component: {fileID: 3238577031235585995}
  - component: {fileID: 4430648054248178350}
  - component: {fileID: 6101386736998498475}
  - component: {fileID: 4649936172212502144}
  m_Layer: 8
  m_Name: Muro (4)
  m_TagString: Muro
  m_Icon: {fileID: 0}
  m_NavMeshLayer: 0
  m_StaticEditorFlags: 4294967295
  m_IsActive: 1
--- !u!4 &3238577031235585995
Transform:
  m_ObjectHideFlags: 0
  m_CorrespondingSourceObject: {fileID: 0}
  m_PrefabInstance: {fileID: 0}
  m_PrefabAsset: {fileID: 0}
  m_GameObject: {fileID: 4715111162847521261}
  m_LocalRotation: {x: 0, y: 0, z: 0, w: 1}
  m_LocalPosition: {x: 3.95, y: 0, z: -4.1}
  m_LocalScale: {x: 4.7, y: 10, z: 0.5}
  m_Children: []
  m_Father: {fileID: 805232544449622674}
  m_RootOrder: 0
  m_LocalEulerAnglesHint: {x: 0, y: 0, z: 0}
--- !u!33 &4430648054248178350
MeshFilter:
  m_ObjectHideFlags: 0
  m_CorrespondingSourceObject: {fileID: 0}
  m_PrefabInstance: {fileID: 0}
  m_PrefabAsset: {fileID: 0}
  m_GameObject: {fileID: 4715111162847521261}
  m_Mesh: {fileID: 10202, guid: 0000000000000000e000000000000000, type: 0}
--- !u!23 &6101386736998498475
MeshRenderer:
  m_ObjectHideFlags: 0
  m_CorrespondingSourceObject: {fileID: 0}
  m_PrefabInstance: {fileID: 0}
  m_PrefabAsset: {fileID: 0}
  m_GameObject: {fileID: 4715111162847521261}
  m_Enabled: 1
  m_CastShadows: 1
  m_ReceiveShadows: 1
  m_DynamicOccludee: 1
  m_MotionVectors: 1
  m_LightProbeUsage: 1
  m_ReflectionProbeUsage: 1
  m_RayTracingMode: 2
  m_RayTraceProcedural: 0
  m_RenderingLayerMask: 1
  m_RendererPriority: 0
  m_Materials:
  - {fileID: 2100000, guid: d25f5679ac8b89a4b9d0d6b616af1906, type: 2}
  m_StaticBatchInfo:
    firstSubMesh: 0
    subMeshCount: 0
  m_StaticBatchRoot: {fileID: 0}
  m_ProbeAnchor: {fileID: 0}
  m_LightProbeVolumeOverride: {fileID: 0}
  m_ScaleInLightmap: 1
  m_ReceiveGI: 1
  m_PreserveUVs: 0
  m_IgnoreNormalsForChartDetection: 0
  m_ImportantGI: 0
  m_StitchLightmapSeams: 1
  m_SelectedEditorRenderState: 3
  m_MinimumChartSize: 4
  m_AutoUVMaxDistance: 0.5
  m_AutoUVMaxAngle: 89
  m_LightmapParameters: {fileID: 0}
  m_SortingLayerID: 0
  m_SortingLayer: 0
  m_SortingOrder: 0
  m_AdditionalVertexStreams: {fileID: 0}
--- !u!65 &4649936172212502144
BoxCollider:
  m_ObjectHideFlags: 0
  m_CorrespondingSourceObject: {fileID: 0}
  m_PrefabInstance: {fileID: 0}
  m_PrefabAsset: {fileID: 0}
  m_GameObject: {fileID: 4715111162847521261}
  m_Material: {fileID: 0}
  m_IsTrigger: 0
  m_Enabled: 1
  serializedVersion: 2
  m_Size: {x: 1, y: 1, z: 1}
  m_Center: {x: 0, y: 0, z: 0}
--- !u!1 &4995647094774284941
GameObject:
  m_ObjectHideFlags: 0
  m_CorrespondingSourceObject: {fileID: 0}
  m_PrefabInstance: {fileID: 0}
  m_PrefabAsset: {fileID: 0}
  serializedVersion: 6
  m_Component:
  - component: {fileID: 4995647094774284942}
  - component: {fileID: 1101459433913906654}
  m_Layer: 0
  m_Name: PathTriplaSceltaFacileNMA
  m_TagString: Untagged
  m_Icon: {fileID: 0}
  m_NavMeshLayer: 0
  m_StaticEditorFlags: 0
  m_IsActive: 1
--- !u!4 &4995647094774284942
Transform:
  m_ObjectHideFlags: 0
  m_CorrespondingSourceObject: {fileID: 0}
  m_PrefabInstance: {fileID: 0}
  m_PrefabAsset: {fileID: 0}
  m_GameObject: {fileID: 4995647094774284941}
  m_LocalRotation: {x: -0, y: -0, z: -0, w: 1}
  m_LocalPosition: {x: 0, y: 0, z: 0}
  m_LocalScale: {x: 1, y: 1, z: 1}
  m_Children:
  - {fileID: 4995647094925203974}
  - {fileID: 7329404260647962604}
  - {fileID: 5007906021310087206}
  - {fileID: 9146681578504842128}
  - {fileID: 3549528770000131541}
  - {fileID: 87674527091450639}
  m_Father: {fileID: 0}
  m_RootOrder: 0
  m_LocalEulerAnglesHint: {x: 0, y: 0, z: 0}
--- !u!114 &1101459433913906654
MonoBehaviour:
  m_ObjectHideFlags: 0
  m_CorrespondingSourceObject: {fileID: 0}
  m_PrefabInstance: {fileID: 0}
  m_PrefabAsset: {fileID: 0}
  m_GameObject: {fileID: 4995647094774284941}
  m_Enabled: 1
  m_EditorHideFlags: 0
  m_Script: {fileID: 11500000, guid: 3eb3c8f69143d0e49a2c9ea65e35ca7b, type: 3}
  m_Name: 
  m_EditorClassIdentifier: 
  isPython: 0
  maxSteps: 400
  oggettiDaScambiare: []
  attivaUno: []
  attivaUno2: []
  OggettoDaSpostare: []
  attivi1: 1
  attivi2: 1
  scoreMedioAlTermine: 0
--- !u!1 &4995647094925203973
GameObject:
  m_ObjectHideFlags: 0
  m_CorrespondingSourceObject: {fileID: 0}
  m_PrefabInstance: {fileID: 0}
  m_PrefabAsset: {fileID: 0}
  serializedVersion: 6
  m_Component:
  - component: {fileID: 4995647094925203974}
  m_Layer: 0
  m_Name: Sopra
  m_TagString: Untagged
  m_Icon: {fileID: 0}
  m_NavMeshLayer: 0
  m_StaticEditorFlags: 0
  m_IsActive: 1
--- !u!4 &4995647094925203974
Transform:
  m_ObjectHideFlags: 0
  m_CorrespondingSourceObject: {fileID: 0}
  m_PrefabInstance: {fileID: 0}
  m_PrefabAsset: {fileID: 0}
  m_GameObject: {fileID: 4995647094925203973}
  m_LocalRotation: {x: 0, y: 0, z: 0, w: 1}
  m_LocalPosition: {x: 0, y: 0, z: 0}
  m_LocalScale: {x: 1, y: 1, z: 1}
  m_Children:
  - {fileID: 1047140940852285379}
  m_Father: {fileID: 4995647094774284942}
  m_RootOrder: 0
  m_LocalEulerAnglesHint: {x: 0, y: 0, z: 0}
--- !u!1 &5868592159416507058
GameObject:
  m_ObjectHideFlags: 0
  m_CorrespondingSourceObject: {fileID: 0}
  m_PrefabInstance: {fileID: 0}
  m_PrefabAsset: {fileID: 0}
  serializedVersion: 6
  m_Component:
  - component: {fileID: 5380599930677666761}
  - component: {fileID: 8317295215274186616}
  - component: {fileID: 5348151615906353129}
  - component: {fileID: 3486966755529914922}
  m_Layer: 8
  m_Name: Muro (4)
  m_TagString: Muro
  m_Icon: {fileID: 0}
  m_NavMeshLayer: 0
  m_StaticEditorFlags: 4294967295
  m_IsActive: 1
--- !u!4 &5380599930677666761
Transform:
  m_ObjectHideFlags: 0
  m_CorrespondingSourceObject: {fileID: 0}
  m_PrefabInstance: {fileID: 0}
  m_PrefabAsset: {fileID: 0}
  m_GameObject: {fileID: 5868592159416507058}
  m_LocalRotation: {x: 0, y: 0, z: 0, w: 1}
  m_LocalPosition: {x: -3.95, y: 0, z: -4.1}
  m_LocalScale: {x: 4.7, y: 10, z: 0.5}
  m_Children: []
  m_Father: {fileID: 2028472585686228640}
  m_RootOrder: 0
  m_LocalEulerAnglesHint: {x: 0, y: 0, z: 0}
--- !u!33 &8317295215274186616
MeshFilter:
  m_ObjectHideFlags: 0
  m_CorrespondingSourceObject: {fileID: 0}
  m_PrefabInstance: {fileID: 0}
  m_PrefabAsset: {fileID: 0}
  m_GameObject: {fileID: 5868592159416507058}
  m_Mesh: {fileID: 10202, guid: 0000000000000000e000000000000000, type: 0}
--- !u!23 &5348151615906353129
MeshRenderer:
  m_ObjectHideFlags: 0
  m_CorrespondingSourceObject: {fileID: 0}
  m_PrefabInstance: {fileID: 0}
  m_PrefabAsset: {fileID: 0}
  m_GameObject: {fileID: 5868592159416507058}
  m_Enabled: 1
  m_CastShadows: 1
  m_ReceiveShadows: 1
  m_DynamicOccludee: 1
  m_MotionVectors: 1
  m_LightProbeUsage: 1
  m_ReflectionProbeUsage: 1
  m_RayTracingMode: 2
  m_RayTraceProcedural: 0
  m_RenderingLayerMask: 1
  m_RendererPriority: 0
  m_Materials:
  - {fileID: 2100000, guid: d25f5679ac8b89a4b9d0d6b616af1906, type: 2}
  m_StaticBatchInfo:
    firstSubMesh: 0
    subMeshCount: 0
  m_StaticBatchRoot: {fileID: 0}
  m_ProbeAnchor: {fileID: 0}
  m_LightProbeVolumeOverride: {fileID: 0}
  m_ScaleInLightmap: 1
  m_ReceiveGI: 1
  m_PreserveUVs: 0
  m_IgnoreNormalsForChartDetection: 0
  m_ImportantGI: 0
  m_StitchLightmapSeams: 1
  m_SelectedEditorRenderState: 3
  m_MinimumChartSize: 4
  m_AutoUVMaxDistance: 0.5
  m_AutoUVMaxAngle: 89
  m_LightmapParameters: {fileID: 0}
  m_SortingLayerID: 0
  m_SortingLayer: 0
  m_SortingOrder: 0
  m_AdditionalVertexStreams: {fileID: 0}
--- !u!65 &3486966755529914922
BoxCollider:
  m_ObjectHideFlags: 0
  m_CorrespondingSourceObject: {fileID: 0}
  m_PrefabInstance: {fileID: 0}
  m_PrefabAsset: {fileID: 0}
  m_GameObject: {fileID: 5868592159416507058}
  m_Material: {fileID: 0}
  m_IsTrigger: 0
  m_Enabled: 1
  serializedVersion: 2
  m_Size: {x: 1, y: 1, z: 1}
  m_Center: {x: 0, y: 0, z: 0}
--- !u!1 &7329404260647962605
GameObject:
  m_ObjectHideFlags: 0
  m_CorrespondingSourceObject: {fileID: 0}
  m_PrefabInstance: {fileID: 0}
  m_PrefabAsset: {fileID: 0}
  serializedVersion: 6
  m_Component:
  - component: {fileID: 7329404260647962604}
  m_Layer: 0
  m_Name: Obiettivi
  m_TagString: Untagged
  m_Icon: {fileID: 0}
  m_NavMeshLayer: 0
  m_StaticEditorFlags: 0
  m_IsActive: 1
--- !u!4 &7329404260647962604
Transform:
  m_ObjectHideFlags: 0
  m_CorrespondingSourceObject: {fileID: 0}
  m_PrefabInstance: {fileID: 0}
  m_PrefabAsset: {fileID: 0}
  m_GameObject: {fileID: 7329404260647962605}
  m_LocalRotation: {x: -0, y: -0, z: -0, w: 1}
  m_LocalPosition: {x: 0, y: 0, z: 0}
  m_LocalScale: {x: 1, y: 1, z: 1}
  m_Children:
  - {fileID: 4654783534596208742}
  m_Father: {fileID: 4995647094774284942}
  m_RootOrder: 1
  m_LocalEulerAnglesHint: {x: 0, y: 0, z: 0}
--- !u!1 &7502858921104443868
GameObject:
  m_ObjectHideFlags: 0
  m_CorrespondingSourceObject: {fileID: 0}
  m_PrefabInstance: {fileID: 0}
  m_PrefabAsset: {fileID: 0}
  serializedVersion: 6
  m_Component:
  - component: {fileID: 1491751048364385415}
  - component: {fileID: 7255126216765213817}
  - component: {fileID: 8028496474414452020}
  - component: {fileID: 1833519511933300440}
  m_Layer: 8
  m_Name: Muro (6)
  m_TagString: Muro
  m_Icon: {fileID: 0}
  m_NavMeshLayer: 0
  m_StaticEditorFlags: 4294967295
  m_IsActive: 1
--- !u!4 &1491751048364385415
Transform:
  m_ObjectHideFlags: 0
  m_CorrespondingSourceObject: {fileID: 0}
  m_PrefabInstance: {fileID: 0}
  m_PrefabAsset: {fileID: 0}
  m_GameObject: {fileID: 7502858921104443868}
  m_LocalRotation: {x: 0, y: 0, z: 0, w: 1}
  m_LocalPosition: {x: -3.95, y: 0, z: -4.1}
  m_LocalScale: {x: 4.7, y: 10, z: 0.5}
  m_Children: []
  m_Father: {fileID: 805232544449622674}
  m_RootOrder: 1
  m_LocalEulerAnglesHint: {x: 0, y: 0, z: 0}
--- !u!33 &7255126216765213817
MeshFilter:
  m_ObjectHideFlags: 0
  m_CorrespondingSourceObject: {fileID: 0}
  m_PrefabInstance: {fileID: 0}
  m_PrefabAsset: {fileID: 0}
  m_GameObject: {fileID: 7502858921104443868}
  m_Mesh: {fileID: 10202, guid: 0000000000000000e000000000000000, type: 0}
--- !u!23 &8028496474414452020
MeshRenderer:
  m_ObjectHideFlags: 0
  m_CorrespondingSourceObject: {fileID: 0}
  m_PrefabInstance: {fileID: 0}
  m_PrefabAsset: {fileID: 0}
  m_GameObject: {fileID: 7502858921104443868}
  m_Enabled: 1
  m_CastShadows: 1
  m_ReceiveShadows: 1
  m_DynamicOccludee: 1
  m_MotionVectors: 1
  m_LightProbeUsage: 1
  m_ReflectionProbeUsage: 1
  m_RayTracingMode: 2
  m_RayTraceProcedural: 0
  m_RenderingLayerMask: 1
  m_RendererPriority: 0
  m_Materials:
  - {fileID: 2100000, guid: d25f5679ac8b89a4b9d0d6b616af1906, type: 2}
  m_StaticBatchInfo:
    firstSubMesh: 0
    subMeshCount: 0
  m_StaticBatchRoot: {fileID: 0}
  m_ProbeAnchor: {fileID: 0}
  m_LightProbeVolumeOverride: {fileID: 0}
  m_ScaleInLightmap: 1
  m_ReceiveGI: 1
  m_PreserveUVs: 0
  m_IgnoreNormalsForChartDetection: 0
  m_ImportantGI: 0
  m_StitchLightmapSeams: 1
  m_SelectedEditorRenderState: 3
  m_MinimumChartSize: 4
  m_AutoUVMaxDistance: 0.5
  m_AutoUVMaxAngle: 89
  m_LightmapParameters: {fileID: 0}
  m_SortingLayerID: 0
  m_SortingLayer: 0
  m_SortingOrder: 0
  m_AdditionalVertexStreams: {fileID: 0}
--- !u!65 &1833519511933300440
BoxCollider:
  m_ObjectHideFlags: 0
  m_CorrespondingSourceObject: {fileID: 0}
  m_PrefabInstance: {fileID: 0}
  m_PrefabAsset: {fileID: 0}
  m_GameObject: {fileID: 7502858921104443868}
  m_Material: {fileID: 0}
  m_IsTrigger: 0
  m_Enabled: 1
  serializedVersion: 2
  m_Size: {x: 1, y: 1, z: 1}
  m_Center: {x: 0, y: 0, z: 0}
--- !u!1001 &981510603828908375
PrefabInstance:
  m_ObjectHideFlags: 0
  serializedVersion: 2
  m_Modification:
    m_TransformParent: {fileID: 4995647094774284942}
    m_Modifications:
    - target: {fileID: 422643479641772802, guid: 204658ac8957fad4b9d3b72e7ff6c94a, type: 3}
      propertyPath: m_Name
      value: BloccoAgenti4 (1)
      objectReference: {fileID: 0}
    - target: {fileID: 422643479641772802, guid: 204658ac8957fad4b9d3b72e7ff6c94a, type: 3}
      propertyPath: m_IsActive
      value: 1
      objectReference: {fileID: 0}
    - target: {fileID: 4385788251577992322, guid: 204658ac8957fad4b9d3b72e7ff6c94a, type: 3}
      propertyPath: m_RootOrder
      value: 4
      objectReference: {fileID: 0}
    - target: {fileID: 4385788251577992322, guid: 204658ac8957fad4b9d3b72e7ff6c94a, type: 3}
      propertyPath: m_LocalPosition.x
      value: 4.44
      objectReference: {fileID: 0}
    - target: {fileID: 4385788251577992322, guid: 204658ac8957fad4b9d3b72e7ff6c94a, type: 3}
      propertyPath: m_LocalPosition.y
      value: 0
      objectReference: {fileID: 0}
    - target: {fileID: 4385788251577992322, guid: 204658ac8957fad4b9d3b72e7ff6c94a, type: 3}
      propertyPath: m_LocalPosition.z
      value: 0
      objectReference: {fileID: 0}
    - target: {fileID: 4385788251577992322, guid: 204658ac8957fad4b9d3b72e7ff6c94a, type: 3}
      propertyPath: m_LocalRotation.w
      value: 1
      objectReference: {fileID: 0}
    - target: {fileID: 4385788251577992322, guid: 204658ac8957fad4b9d3b72e7ff6c94a, type: 3}
      propertyPath: m_LocalRotation.x
      value: 0
      objectReference: {fileID: 0}
    - target: {fileID: 4385788251577992322, guid: 204658ac8957fad4b9d3b72e7ff6c94a, type: 3}
      propertyPath: m_LocalRotation.y
      value: 0
      objectReference: {fileID: 0}
    - target: {fileID: 4385788251577992322, guid: 204658ac8957fad4b9d3b72e7ff6c94a, type: 3}
      propertyPath: m_LocalRotation.z
      value: 0
      objectReference: {fileID: 0}
    - target: {fileID: 4385788251577992322, guid: 204658ac8957fad4b9d3b72e7ff6c94a, type: 3}
      propertyPath: m_LocalEulerAnglesHint.x
      value: 0
      objectReference: {fileID: 0}
    - target: {fileID: 4385788251577992322, guid: 204658ac8957fad4b9d3b72e7ff6c94a, type: 3}
      propertyPath: m_LocalEulerAnglesHint.y
      value: 0
      objectReference: {fileID: 0}
    - target: {fileID: 4385788251577992322, guid: 204658ac8957fad4b9d3b72e7ff6c94a, type: 3}
      propertyPath: m_LocalEulerAnglesHint.z
      value: 0
      objectReference: {fileID: 0}
    m_RemovedComponents: []
  m_SourcePrefab: {fileID: 100100000, guid: 204658ac8957fad4b9d3b72e7ff6c94a, type: 3}
--- !u!4 &3549528770000131541 stripped
Transform:
  m_CorrespondingSourceObject: {fileID: 4385788251577992322, guid: 204658ac8957fad4b9d3b72e7ff6c94a, type: 3}
  m_PrefabInstance: {fileID: 981510603828908375}
  m_PrefabAsset: {fileID: 0}
--- !u!1001 &2154679686069195722
PrefabInstance:
  m_ObjectHideFlags: 0
  serializedVersion: 2
  m_Modification:
    m_TransformParent: {fileID: 4995647094925203974}
    m_Modifications:
    - target: {fileID: 1295597771647834624, guid: 711e9e1ff0afa0842b9de72b0c75f25d, type: 3}
      propertyPath: m_Enabled
      value: 1
      objectReference: {fileID: 0}
    - target: {fileID: 1400273006644911113, guid: 711e9e1ff0afa0842b9de72b0c75f25d, type: 3}
      propertyPath: m_RootOrder
      value: 0
      objectReference: {fileID: 0}
    - target: {fileID: 1400273006644911113, guid: 711e9e1ff0afa0842b9de72b0c75f25d, type: 3}
      propertyPath: m_LocalPosition.x
      value: -0.18
      objectReference: {fileID: 0}
    - target: {fileID: 1400273006644911113, guid: 711e9e1ff0afa0842b9de72b0c75f25d, type: 3}
      propertyPath: m_LocalPosition.y
      value: 0
      objectReference: {fileID: 0}
    - target: {fileID: 1400273006644911113, guid: 711e9e1ff0afa0842b9de72b0c75f25d, type: 3}
      propertyPath: m_LocalPosition.z
      value: -8.78
      objectReference: {fileID: 0}
    - target: {fileID: 1400273006644911113, guid: 711e9e1ff0afa0842b9de72b0c75f25d, type: 3}
      propertyPath: m_LocalRotation.w
      value: 1
      objectReference: {fileID: 0}
    - target: {fileID: 1400273006644911113, guid: 711e9e1ff0afa0842b9de72b0c75f25d, type: 3}
      propertyPath: m_LocalRotation.x
      value: 0
      objectReference: {fileID: 0}
    - target: {fileID: 1400273006644911113, guid: 711e9e1ff0afa0842b9de72b0c75f25d, type: 3}
      propertyPath: m_LocalRotation.y
      value: 0
      objectReference: {fileID: 0}
    - target: {fileID: 1400273006644911113, guid: 711e9e1ff0afa0842b9de72b0c75f25d, type: 3}
      propertyPath: m_LocalRotation.z
      value: 0
      objectReference: {fileID: 0}
    - target: {fileID: 1400273006644911113, guid: 711e9e1ff0afa0842b9de72b0c75f25d, type: 3}
      propertyPath: m_LocalEulerAnglesHint.x
      value: 0
      objectReference: {fileID: 0}
    - target: {fileID: 1400273006644911113, guid: 711e9e1ff0afa0842b9de72b0c75f25d, type: 3}
      propertyPath: m_LocalEulerAnglesHint.y
      value: 0
      objectReference: {fileID: 0}
    - target: {fileID: 1400273006644911113, guid: 711e9e1ff0afa0842b9de72b0c75f25d, type: 3}
      propertyPath: m_LocalEulerAnglesHint.z
      value: 0
      objectReference: {fileID: 0}
    - target: {fileID: 1400273006644911114, guid: 711e9e1ff0afa0842b9de72b0c75f25d, type: 3}
      propertyPath: m_Name
      value: AgenteNavMesh
      objectReference: {fileID: 0}
    - target: {fileID: 7821246900378163845, guid: 711e9e1ff0afa0842b9de72b0c75f25d, type: 3}
      propertyPath: targetFinaleNMA
      value: 
      objectReference: {fileID: 9173977682554670960}
    m_RemovedComponents: []
  m_SourcePrefab: {fileID: 100100000, guid: 711e9e1ff0afa0842b9de72b0c75f25d, type: 3}
--- !u!4 &1047140940852285379 stripped
Transform:
  m_CorrespondingSourceObject: {fileID: 1400273006644911113, guid: 711e9e1ff0afa0842b9de72b0c75f25d, type: 3}
  m_PrefabInstance: {fileID: 2154679686069195722}
  m_PrefabAsset: {fileID: 0}
--- !u!1001 &4461387903213348749
PrefabInstance:
  m_ObjectHideFlags: 0
  serializedVersion: 2
  m_Modification:
    m_TransformParent: {fileID: 4995647094774284942}
    m_Modifications:
    - target: {fileID: 422643479641772802, guid: 204658ac8957fad4b9d3b72e7ff6c94a, type: 3}
      propertyPath: m_Name
      value: BloccoAgenti4 (2)
      objectReference: {fileID: 0}
    - target: {fileID: 422643479641772802, guid: 204658ac8957fad4b9d3b72e7ff6c94a, type: 3}
      propertyPath: m_IsActive
      value: 0
      objectReference: {fileID: 0}
    - target: {fileID: 4385788251577992322, guid: 204658ac8957fad4b9d3b72e7ff6c94a, type: 3}
      propertyPath: m_RootOrder
      value: 5
      objectReference: {fileID: 0}
    - target: {fileID: 4385788251577992322, guid: 204658ac8957fad4b9d3b72e7ff6c94a, type: 3}
      propertyPath: m_LocalPosition.x
      value: -3.53
      objectReference: {fileID: 0}
    - target: {fileID: 4385788251577992322, guid: 204658ac8957fad4b9d3b72e7ff6c94a, type: 3}
      propertyPath: m_LocalPosition.y
      value: 0
      objectReference: {fileID: 0}
    - target: {fileID: 4385788251577992322, guid: 204658ac8957fad4b9d3b72e7ff6c94a, type: 3}
      propertyPath: m_LocalPosition.z
      value: 0
      objectReference: {fileID: 0}
    - target: {fileID: 4385788251577992322, guid: 204658ac8957fad4b9d3b72e7ff6c94a, type: 3}
      propertyPath: m_LocalRotation.w
      value: 1
      objectReference: {fileID: 0}
    - target: {fileID: 4385788251577992322, guid: 204658ac8957fad4b9d3b72e7ff6c94a, type: 3}
      propertyPath: m_LocalRotation.x
      value: 0
      objectReference: {fileID: 0}
    - target: {fileID: 4385788251577992322, guid: 204658ac8957fad4b9d3b72e7ff6c94a, type: 3}
      propertyPath: m_LocalRotation.y
      value: 0
      objectReference: {fileID: 0}
    - target: {fileID: 4385788251577992322, guid: 204658ac8957fad4b9d3b72e7ff6c94a, type: 3}
      propertyPath: m_LocalRotation.z
      value: 0
      objectReference: {fileID: 0}
    - target: {fileID: 4385788251577992322, guid: 204658ac8957fad4b9d3b72e7ff6c94a, type: 3}
      propertyPath: m_LocalEulerAnglesHint.x
      value: 0
      objectReference: {fileID: 0}
    - target: {fileID: 4385788251577992322, guid: 204658ac8957fad4b9d3b72e7ff6c94a, type: 3}
      propertyPath: m_LocalEulerAnglesHint.y
      value: 0
      objectReference: {fileID: 0}
    - target: {fileID: 4385788251577992322, guid: 204658ac8957fad4b9d3b72e7ff6c94a, type: 3}
      propertyPath: m_LocalEulerAnglesHint.z
      value: 0
      objectReference: {fileID: 0}
    m_RemovedComponents: []
  m_SourcePrefab: {fileID: 100100000, guid: 204658ac8957fad4b9d3b72e7ff6c94a, type: 3}
--- !u!4 &87674527091450639 stripped
Transform:
  m_CorrespondingSourceObject: {fileID: 4385788251577992322, guid: 204658ac8957fad4b9d3b72e7ff6c94a, type: 3}
  m_PrefabInstance: {fileID: 4461387903213348749}
  m_PrefabAsset: {fileID: 0}
--- !u!1001 &4770149020205100818
PrefabInstance:
  m_ObjectHideFlags: 0
  serializedVersion: 2
  m_Modification:
    m_TransformParent: {fileID: 4995647094774284942}
    m_Modifications:
    - target: {fileID: 422643479641772802, guid: 204658ac8957fad4b9d3b72e7ff6c94a, type: 3}
      propertyPath: m_Name
      value: BloccoAgenti4
      objectReference: {fileID: 0}
    - target: {fileID: 422643479641772802, guid: 204658ac8957fad4b9d3b72e7ff6c94a, type: 3}
      propertyPath: m_IsActive
      value: 0
      objectReference: {fileID: 0}
    - target: {fileID: 4385788251577992322, guid: 204658ac8957fad4b9d3b72e7ff6c94a, type: 3}
      propertyPath: m_RootOrder
      value: 3
      objectReference: {fileID: 0}
    - target: {fileID: 4385788251577992322, guid: 204658ac8957fad4b9d3b72e7ff6c94a, type: 3}
      propertyPath: m_LocalPosition.x
      value: 12.25
      objectReference: {fileID: 0}
    - target: {fileID: 4385788251577992322, guid: 204658ac8957fad4b9d3b72e7ff6c94a, type: 3}
      propertyPath: m_LocalPosition.y
      value: 0
      objectReference: {fileID: 0}
    - target: {fileID: 4385788251577992322, guid: 204658ac8957fad4b9d3b72e7ff6c94a, type: 3}
      propertyPath: m_LocalPosition.z
      value: 0
      objectReference: {fileID: 0}
    - target: {fileID: 4385788251577992322, guid: 204658ac8957fad4b9d3b72e7ff6c94a, type: 3}
      propertyPath: m_LocalRotation.w
      value: 1
      objectReference: {fileID: 0}
    - target: {fileID: 4385788251577992322, guid: 204658ac8957fad4b9d3b72e7ff6c94a, type: 3}
      propertyPath: m_LocalRotation.x
      value: 0
      objectReference: {fileID: 0}
    - target: {fileID: 4385788251577992322, guid: 204658ac8957fad4b9d3b72e7ff6c94a, type: 3}
      propertyPath: m_LocalRotation.y
      value: 0
      objectReference: {fileID: 0}
    - target: {fileID: 4385788251577992322, guid: 204658ac8957fad4b9d3b72e7ff6c94a, type: 3}
      propertyPath: m_LocalRotation.z
      value: 0
      objectReference: {fileID: 0}
    - target: {fileID: 4385788251577992322, guid: 204658ac8957fad4b9d3b72e7ff6c94a, type: 3}
      propertyPath: m_LocalEulerAnglesHint.x
      value: 0
      objectReference: {fileID: 0}
    - target: {fileID: 4385788251577992322, guid: 204658ac8957fad4b9d3b72e7ff6c94a, type: 3}
      propertyPath: m_LocalEulerAnglesHint.y
      value: 0
      objectReference: {fileID: 0}
    - target: {fileID: 4385788251577992322, guid: 204658ac8957fad4b9d3b72e7ff6c94a, type: 3}
      propertyPath: m_LocalEulerAnglesHint.z
      value: 0
      objectReference: {fileID: 0}
    m_RemovedComponents: []
  m_SourcePrefab: {fileID: 100100000, guid: 204658ac8957fad4b9d3b72e7ff6c94a, type: 3}
--- !u!4 &9146681578504842128 stripped
Transform:
  m_CorrespondingSourceObject: {fileID: 4385788251577992322, guid: 204658ac8957fad4b9d3b72e7ff6c94a, type: 3}
  m_PrefabInstance: {fileID: 4770149020205100818}
  m_PrefabAsset: {fileID: 0}
--- !u!1001 &8118827706630596167
PrefabInstance:
  m_ObjectHideFlags: 0
  serializedVersion: 2
  m_Modification:
    m_TransformParent: {fileID: 7329404260647962604}
    m_Modifications:
    - target: {fileID: 1151613979464345911, guid: 01fdc40311a481d4e816276476f941f5, type: 3}
      propertyPath: m_Name
      value: TargetFine1
      objectReference: {fileID: 0}
    - target: {fileID: 2258359878826304890, guid: 01fdc40311a481d4e816276476f941f5, type: 3}
      propertyPath: magneti.Array.data[0].x
      value: -8.275
      objectReference: {fileID: 0}
    - target: {fileID: 2258359878826304890, guid: 01fdc40311a481d4e816276476f941f5, type: 3}
      propertyPath: magneti.Array.data[0].z
      value: 7.3875
      objectReference: {fileID: 0}
    - target: {fileID: 2258359878826304890, guid: 01fdc40311a481d4e816276476f941f5, type: 3}
      propertyPath: magneti.Array.data[1].x
      value: -7.525
      objectReference: {fileID: 0}
    - target: {fileID: 2258359878826304890, guid: 01fdc40311a481d4e816276476f941f5, type: 3}
      propertyPath: magneti.Array.data[1].z
      value: 7.3875
      objectReference: {fileID: 0}
    - target: {fileID: 2258359878826304890, guid: 01fdc40311a481d4e816276476f941f5, type: 3}
      propertyPath: magneti.Array.data[2].x
      value: -8.275
      objectReference: {fileID: 0}
    - target: {fileID: 2258359878826304890, guid: 01fdc40311a481d4e816276476f941f5, type: 3}
      propertyPath: magneti.Array.data[2].z
      value: 6.6125
      objectReference: {fileID: 0}
    - target: {fileID: 2258359878826304890, guid: 01fdc40311a481d4e816276476f941f5, type: 3}
      propertyPath: magneti.Array.data[3].x
      value: -7.525
      objectReference: {fileID: 0}
    - target: {fileID: 2258359878826304890, guid: 01fdc40311a481d4e816276476f941f5, type: 3}
      propertyPath: magneti.Array.data[3].z
      value: 6.6125
      objectReference: {fileID: 0}
    - target: {fileID: 3473051837616184865, guid: 01fdc40311a481d4e816276476f941f5, type: 3}
      propertyPath: m_RootOrder
      value: 0
      objectReference: {fileID: 0}
    - target: {fileID: 3473051837616184865, guid: 01fdc40311a481d4e816276476f941f5, type: 3}
      propertyPath: m_LocalScale.x
      value: 1.55
      objectReference: {fileID: 0}
    - target: {fileID: 3473051837616184865, guid: 01fdc40311a481d4e816276476f941f5, type: 3}
      propertyPath: m_LocalScale.y
      value: 10
      objectReference: {fileID: 0}
    - target: {fileID: 3473051837616184865, guid: 01fdc40311a481d4e816276476f941f5, type: 3}
      propertyPath: m_LocalScale.z
      value: 1.575
      objectReference: {fileID: 0}
    - target: {fileID: 3473051837616184865, guid: 01fdc40311a481d4e816276476f941f5, type: 3}
      propertyPath: m_LocalPosition.x
      value: -7.9
      objectReference: {fileID: 0}
    - target: {fileID: 3473051837616184865, guid: 01fdc40311a481d4e816276476f941f5, type: 3}
      propertyPath: m_LocalPosition.y
      value: 0
      objectReference: {fileID: 0}
    - target: {fileID: 3473051837616184865, guid: 01fdc40311a481d4e816276476f941f5, type: 3}
      propertyPath: m_LocalPosition.z
      value: 7
      objectReference: {fileID: 0}
    - target: {fileID: 3473051837616184865, guid: 01fdc40311a481d4e816276476f941f5, type: 3}
      propertyPath: m_LocalRotation.w
      value: 1
      objectReference: {fileID: 0}
    - target: {fileID: 3473051837616184865, guid: 01fdc40311a481d4e816276476f941f5, type: 3}
      propertyPath: m_LocalRotation.x
      value: 0
      objectReference: {fileID: 0}
    - target: {fileID: 3473051837616184865, guid: 01fdc40311a481d4e816276476f941f5, type: 3}
      propertyPath: m_LocalRotation.y
      value: 0
      objectReference: {fileID: 0}
    - target: {fileID: 3473051837616184865, guid: 01fdc40311a481d4e816276476f941f5, type: 3}
      propertyPath: m_LocalRotation.z
      value: 0
      objectReference: {fileID: 0}
    - target: {fileID: 3473051837616184865, guid: 01fdc40311a481d4e816276476f941f5, type: 3}
      propertyPath: m_LocalEulerAnglesHint.x
      value: 0
      objectReference: {fileID: 0}
    - target: {fileID: 3473051837616184865, guid: 01fdc40311a481d4e816276476f941f5, type: 3}
      propertyPath: m_LocalEulerAnglesHint.y
      value: 0
      objectReference: {fileID: 0}
    - target: {fileID: 3473051837616184865, guid: 01fdc40311a481d4e816276476f941f5, type: 3}
      propertyPath: m_LocalEulerAnglesHint.z
      value: 0
      objectReference: {fileID: 0}
    m_RemovedComponents: []
  m_SourcePrefab: {fileID: 100100000, guid: 01fdc40311a481d4e816276476f941f5, type: 3}
--- !u!1 &9173977682554670960 stripped
GameObject:
  m_CorrespondingSourceObject: {fileID: 1151613979464345911, guid: 01fdc40311a481d4e816276476f941f5, type: 3}
  m_PrefabInstance: {fileID: 8118827706630596167}
  m_PrefabAsset: {fileID: 0}
--- !u!4 &4654783534596208742 stripped
Transform:
  m_CorrespondingSourceObject: {fileID: 3473051837616184865, guid: 01fdc40311a481d4e816276476f941f5, type: 3}
  m_PrefabInstance: {fileID: 8118827706630596167}
  m_PrefabAsset: {fileID: 0}
--- !u!1001 &8969995629617772316
PrefabInstance:
  m_ObjectHideFlags: 0
  serializedVersion: 2
  m_Modification:
    m_TransformParent: {fileID: 4995647094774284942}
    m_Modifications:
    - target: {fileID: 4108536845079139845, guid: 1f55f68bc7770a04e8e2436e7476e044, type: 3}
      propertyPath: m_StaticEditorFlags
      value: 4294967295
      objectReference: {fileID: 0}
    - target: {fileID: 4108536845583240536, guid: 1f55f68bc7770a04e8e2436e7476e044, type: 3}
      propertyPath: m_StaticEditorFlags
      value: 4294967295
      objectReference: {fileID: 0}
    - target: {fileID: 4108536845801240378, guid: 1f55f68bc7770a04e8e2436e7476e044, type: 3}
      propertyPath: m_RootOrder
      value: 2
      objectReference: {fileID: 0}
    - target: {fileID: 4108536845801240378, guid: 1f55f68bc7770a04e8e2436e7476e044, type: 3}
      propertyPath: m_LocalPosition.x
      value: 0
      objectReference: {fileID: 0}
    - target: {fileID: 4108536845801240378, guid: 1f55f68bc7770a04e8e2436e7476e044, type: 3}
      propertyPath: m_LocalPosition.y
      value: 0
      objectReference: {fileID: 0}
    - target: {fileID: 4108536845801240378, guid: 1f55f68bc7770a04e8e2436e7476e044, type: 3}
      propertyPath: m_LocalPosition.z
      value: 0
      objectReference: {fileID: 0}
    - target: {fileID: 4108536845801240378, guid: 1f55f68bc7770a04e8e2436e7476e044, type: 3}
      propertyPath: m_LocalRotation.w
      value: 1
      objectReference: {fileID: 0}
    - target: {fileID: 4108536845801240378, guid: 1f55f68bc7770a04e8e2436e7476e044, type: 3}
      propertyPath: m_LocalRotation.x
      value: 0
      objectReference: {fileID: 0}
    - target: {fileID: 4108536845801240378, guid: 1f55f68bc7770a04e8e2436e7476e044, type: 3}
      propertyPath: m_LocalRotation.y
      value: 0
      objectReference: {fileID: 0}
    - target: {fileID: 4108536845801240378, guid: 1f55f68bc7770a04e8e2436e7476e044, type: 3}
      propertyPath: m_LocalRotation.z
      value: 0
      objectReference: {fileID: 0}
    - target: {fileID: 4108536845801240378, guid: 1f55f68bc7770a04e8e2436e7476e044, type: 3}
      propertyPath: m_LocalEulerAnglesHint.x
      value: 0
      objectReference: {fileID: 0}
    - target: {fileID: 4108536845801240378, guid: 1f55f68bc7770a04e8e2436e7476e044, type: 3}
      propertyPath: m_LocalEulerAnglesHint.y
      value: 0
      objectReference: {fileID: 0}
    - target: {fileID: 4108536845801240378, guid: 1f55f68bc7770a04e8e2436e7476e044, type: 3}
      propertyPath: m_LocalEulerAnglesHint.z
      value: 0
      objectReference: {fileID: 0}
    - target: {fileID: 4108536845801240379, guid: 1f55f68bc7770a04e8e2436e7476e044, type: 3}
      propertyPath: m_Name
      value: AmbienteBase
      objectReference: {fileID: 0}
    - target: {fileID: 4108536845801240379, guid: 1f55f68bc7770a04e8e2436e7476e044, type: 3}
      propertyPath: m_StaticEditorFlags
      value: 4294967295
      objectReference: {fileID: 0}
    - target: {fileID: 4108536846002000579, guid: 1f55f68bc7770a04e8e2436e7476e044, type: 3}
      propertyPath: m_StaticEditorFlags
      value: 4294967295
      objectReference: {fileID: 0}
    - target: {fileID: 4108536846138382960, guid: 1f55f68bc7770a04e8e2436e7476e044, type: 3}
      propertyPath: m_StaticEditorFlags
      value: 4294967295
      objectReference: {fileID: 0}
    - target: {fileID: 4108536846716493574, guid: 1f55f68bc7770a04e8e2436e7476e044, type: 3}
      propertyPath: m_StaticEditorFlags
      value: 4294967295
      objectReference: {fileID: 0}
    m_RemovedComponents: []
  m_SourcePrefab: {fileID: 100100000, guid: 1f55f68bc7770a04e8e2436e7476e044, type: 3}
--- !u!4 &5007906021310087206 stripped
Transform:
  m_CorrespondingSourceObject: {fileID: 4108536845801240378, guid: 1f55f68bc7770a04e8e2436e7476e044, type: 3}
  m_PrefabInstance: {fileID: 8969995629617772316}
  m_PrefabAsset: {fileID: 0}
